 Dungeon Crawl Stone Soup version 0.29-a0-753-gb7bb9d756e (webtiles) character file.

Game seed: 8582641881034817797

310 nlvdn the Vexing (level 6, 0/28 HPs)
             Began as a Spriggan Enchanter on June 30, 2022.
             Killed by divine providence
             ... invoked by an orc priest
              (14 damage)
             ... on level 4 of the Dungeon.
             The game lasted 00:11:20 (5295 turns).

nlvdn the Vexing (Spriggan Enchanter)               Turns: 5295, Time: 00:11:22

Health: 0/28       AC:  3    Str:  6    XL:     6   Next: 17%
Magic:  15/15      EV: 17    Int: 16    God:
Gold:   36         SH:  0    Dex: 16    Spells: 8/16 levels left

rFire   . . .      SeeInvis +   l - +2 dagger (holy)
rCold   . . .      Faith    .   (no shield)
rNeg    . . .      Spirit   .   b - +1 robe
rPois   .          Reflect  .   (helmet restricted)
rElec   .          Harm     .   (no cloak)
rCorr   .          Rampage  .   (gloves unavailable)
Will    +....                   (boots unavailable)
Stlth   +++.......              (no amulet)
HPRegen 0.09/turn               (no ring)
MPRegen 0.14/turn               (no ring)

@: very quick
A: very small, no large weapons, unfitting armour, see invisible, speed 3
a: no special abilities


You were on level 4 of the Dungeon.
You visited 1 branch of the dungeon, and saw 4 of its levels.
You also visited: Ossuary.

You collected 140 gold pieces.
You spent 104 gold pieces at shops.

Inventory:

Hand Weapons
 a - a +2 dagger
 l - a +2 dagger of holy wrath (weapon)
Missiles
 f - 9 poisoned darts (quivered)
Armour
 b - a +1 robe (worn)
Jewellery
 e - a ring of ice
Scrolls
 i - a scroll of immolation
 k - a scroll of teleportation
 o - a scroll of amnesia
 u - a scroll of brand weapon {unknown}
Potions
 c - a potion of invisibility
 g - a potion of heal wounds
 h - 2 potions of curing
 j - 2 potions of brilliance
 m - a potion of cancellation
 q - a potion of haste
 r - a potion of lignification {unknown}


   Skills:
 - Level 1.1 Short Blades
 - Level 2.6 Dodging
 + Level 5.7 Stealth
 + Level 5.6 Spellcasting
 + Level 6.1 Hexes


You had 8 spell levels left.
You knew the following spells:

 Your Spells              Type           Power      Damage    Failure   Level
a - Ensorcelled Hibernat  Hex/Ice        28%        N/A       6%          2
b - Tukima's Dance        Hex            24%        N/A       3%          3
d - Confusing Touch       Hex            24%        N/A       3%          3

Your spell library contained the following spells:

 Spells                   Type           Power      Damage    Failure   Level
 Dazzling Flash           Conj/Hex       28%        N/A       12%         3
 Passwall                 Tmut/Erth      3%         N/A       22%         2
 Swiftness                Air            4%         N/A       41%         3
 Airstrike                Air            2%         N/A       82%         4
 Summon Lightning Spire   Summ/Air       4%         N/A       82%         4
 Lightning Bolt           Conj/Air       2%         1d13      99%         5


Dungeon Overview and Level Annotations

Branches:
Dungeon (4/15)            Ossuary (visited)
 Temple: D:4-7

Altars:
Elyvilon
Hepliaklqana
Okawaru
Sif Muna
Vehumet

Shops:
D:3 ?

Annotations:
D:4 Dowan, Duvessa


Innate Abilities, Weirdness & Mutations

You are very small and have problems with some larger weapons.
You are too small for most types of armour.
You have supernaturally acute eyesight. (SInv)
You cover ground extremely quickly. (Speed+++)


Message History

The orc barely misses you.
The orc priest mumbles some strange prayers to Beogh against you.
Pain shoots through your body! The hound completely misses you.
Your scorpion stings the orc priest.
You hit the orc priest.
The orc priest is severely wounded.
The hound bites you. The orc priest completely misses you. The orc misses you.
Your scorpion stings the orc priest but does no damage.
Unknown command.
Unknown command.
You are too injured to fight recklessly!
Unknown command.
You are too injured to fight recklessly!
Unknown command.
You are too injured to fight recklessly!
You are too injured to fight recklessly!
Unknown command.
You are too injured to fight recklessly!
Unknown command.
You are too injured to fight recklessly!
Unknown command.
You are too injured to fight recklessly!
Unknown command.
You swap places.
The hound bites your orc.
Your orc closely misses the hound.
The orc priest hits your orc with a +0 dagger.
Your orc dies!
Your orc's corpse dissolves into shadows!
Your scorpion stings the orc priest but does no damage.
Your scorpion stings the orc priest but does no damage.
Your scorpion stings the orc priest but does no damage.
The orc closely misses your scorpion. The hound completely misses you.
You hit the hound.
The hound is almost dead.
Your scorpion stings the orc priest but does no damage.
The hound barely misses you.
The orc priest calls down the wrath of Beogh upon you.
Beogh smites you!
Ouch! That really hurt!
You die...

... #. ........#.#
....#. #########.#
....#.###.....g..#
..........########
..........# .
..........# .#
..........####.#
#+#.#'#...so.#####
#.#..@ho........
#.#.###########.
#.#.# #.#.# ###
#.#.# #.. #...###
#.# #..8..#####
#.# #...........
#.# #8...8######


You could see a hound (poisoned), an orc priest (ally target), an orc and a
friendly scorpion (summoned).

Vanquished Creatures
  Menkaure (Ossuary)
  3 mummies (Ossuary)
  3 adders
  2 worms
  A dart slug (D:1)
  2 orcs (D:4)
  4 endoplasms (D:1)
  5 giant cockroaches
  12 goblins
  7 hobgoblins
  3 jackals (D:1)
  5 quokkas
  6 ball pythons
  8 bats
  5 frilled lizards
  6 gnoll skeletons (Ossuary)
  6 gnoll zombies (Ossuary)
  6 goblin skeletons (Ossuary)
  3 goblin zombies (Ossuary)
  4 hobgoblin skeletons (Ossuary)
  3 hobgoblin zombies (Ossuary)
  3 kobolds
  A kobold skeleton (Ossuary)
  6 kobold zombies (Ossuary)
  4 orc skeletons (Ossuary)
  2 orc zombies (Ossuary)
  4 rats
  4 rat skeletons (Ossuary)
  5 rat zombies (Ossuary)
124 creatures vanquished.

Vanquished Creatures (collateral kills)
  2 goblins (D:3)
  A bat (D:4)
3 creatures vanquished.

Grand Total: 127 creatures vanquished

Notes
Turn   | Place    | Note
-------+----------+-------------------------------------------
     0 | D:1      | nlvdn the Spriggan Enchanter began the quest for the Orb.
     0 | D:1      | Reached XP level 1. HP: 9/9 MP: 5/5
   365 | D:1      | Found a faded altar of an unknown god.
   558 | D:1      | Reached skill level 4 in Hexes
   558 | D:1      | Reached XP level 2. HP: 13/13 MP: 7/7
   561 | D:1      | Learned a level 2 spell: Ensorcelled Hibernation
   600 | D:1      | You fall into a shaft and drop 1 floor!
  1332 | D:1      | Reached XP level 3. HP: 14/16 MP: 9/9
  1336 | D:1      | Learned a level 3 spell: Tukima's Dance
  1340 | D:1      | Learned a level 3 spell: Confusing Touch
  2270 | D:2      | Reached XP level 4. HP: 19/21 MP: 3/11
  2689 | D:3      | Found Ninafi's Magic Scroll Emporium.
  2692 | D:3      | Bought a scroll of enchant weapon for 82 gold pieces
  2692 | D:3      | Bought a scroll of identify for 22 gold pieces
  2767 | D:3      | Reached skill level 5 in Hexes
  3112 | D:3      | Found a white marble altar of Elyvilon.
  3113 | D:3      | Found a shimmering blue altar of Sif Muna.
  3218 | D:3      | Found a radiant altar of Vehumet.
  3271 | D:3      | Found an iron altar of Okawaru.
  3742 | D:4      | Found a hazy altar of Hepliaklqana.
  3780 | D:4      | Noticed Duvessa
  3781 | D:4      | Noticed Dowan
  4150 | D:4      | Found a sand-covered staircase.
  4159 | Ossuary  | Entered an ossuary
  4427 | Ossuary  | Reached XP level 5. HP: 21/24 MP: 13/13
  4609 | Ossuary  | Reached skill level 5 in Spellcasting
  4977 | Ossuary  | Noticed Menkaure
  4985 | Ossuary  | Killed Menkaure
  4986 | Ossuary  | Reached skill level 5 in Stealth
  4986 | Ossuary  | Reached skill level 6 in Hexes
  4986 | Ossuary  | Reached XP level 6. HP: 28/28 MP: 10/15
  5295 | D:4      | Killed from afar by an orc priest

Illustrated notes

Levels and vault maps discovered:
D:1:      lightli_arrival_maybe_door_vault, layout_loops_corners,
          ebering_ecumenical_altar_hall
D:2:      layout_basic, minmay_misc_feat_secret_circle, minmay_diced_spiral
D:3:      minmay_inner_zag, layout_loops_ring, kennysheep_okawaru_gauntlet,
          mainiacjoe_overflow_divided_tiny, mainiacjoe_overflow_surrounded_room,
          serial_shops, shop, grunt_decor_one_mirror, chequers_garden
D:4:      layout_basic, general_overflow_altar, nicolae_ossuary_entry_monument,
          minmay_misc_feat_x, uniq_duvessa

Skill      XL: |  1  2  3  4  5 |
---------------+----------------+-----
Spellcasting   | 3 4 5 |  5.6
Hexes          | 4 5 6 |  6.1
Stealth        | 5 |  5.7
Short Blades   | |  1.1
Dodging        | |  2.6

Action                   |  1- 3 |  4- 6 || total
-------------------------+-------+-------++-------
Melee: Dagger            |   175 |   207 ||   382
       Punch             |     1 |     2 ||     3
 Cast: Ensorcelled Hiber |     6 |     8 ||    14
       Tukima's Dance    |       |     2 ||     2
       Confusing Touch   |       |     3 ||     3
  Use: Scroll            |     4 |    15 ||    19
       Potion            |       |     3 ||     3
 Stab: Distracted        |     1 |       ||     1
       Sleeping          |    12 |    12 ||    24
       Confused          |       |     2 ||     2
Armor: Robe              |    23 |    21 ||    44
Dodge: Dodged            |   143 |   116 ||   259

Table legend: (Time is in decaauts)
 A = Elapsed time spent in this place.
 B = Non-inter-level travel time spent in this place.
 C = Inter-level travel time spent in this place.
 D = Time resting spent in this place.
 E = Time spent auto-exploring this place.
 F = Levels seen in this place.
 G = Mean time per level.
                   A        B        C        D        E       F      G
               +--------+--------+--------+--------+--------+-----+--------+
         Total |   4080 |   3936 |    144 |    662 |   2282 |   5 |  816.0 |
       Dungeon |   3153 |   3009 |    144 |    127 |   2184 |   4 |  788.2 |
       Ossuary |    927 |    927 |      0 |    535 |     98 |   1 |  927.0 |
               +--------+--------+--------+--------+--------+-----+--------+

Top non-repeatable levels by time:
     D:1: 1296 daAuts
 Ossuary: 927 daAuts
     D:2: 822 daAuts
     D:3: 808 daAuts
     D:4: 226 daAuts
